 Dungeon Crawl Stone Soup version 0.31-a0-240-gb923e448b6 (webtiles) character file.

Game seed: 6140460054044395416

70 qw the Shooter (level 4, -5/26 HPs)
             Began as a Gargoyle Hexslinger on July 11, 2023.
             Slain by an ogre
             ... wielding a +0 giant club
              (8 damage)
             ... on level 4 of the Dungeon.
             The game lasted 00:00:36 (1808 turns).

qw the Shooter (Gargoyle Hexslinger)                Turns: 1808, Time: 00:00:37

Health: -5/26      AC:  6    Str: 11 (12) XL:     4   Next: 22%
Magic:  5/5        EV:  8    Int: 13      God:
Gold:   249        SH:  0    Dex: 11 (14) Spells: 4/5 levels left

rFire   . . .        Y - +1 sling (heavy)
rCold   . . .        (no shield)
rNeg    + . .        b - +0 leather armour
rPois   inf          (no helmet)
rElec   +            (no cloak)
rCorr   .            (no gloves)
SInv    .            (no boots)
Will    .....        (no amulet)
Stlth   +            (no ring)
HPRegen 0.24/turn    (no ring)
MPRegen 0.09/turn

%: no passive effects
@: about to teleport, constricted
A: sickness immunity, AC +3, negative energy resistance 1, electricity
resistance, torment resistance 1, petrification resistance
a: no special abilities


You were on level 4 of the Dungeon.
You visited 1 branch of the dungeon, and saw 4 of its levels.

You collected 249 gold pieces.


Innate Abilities, Weirdness & Mutations

You are immune to sickness and miasma.
Your stone body is resilient. (AC +3)
You are immune to poison.
You resist negative energy. (rN+)
You are resistant to electric shocks. (rElec)
You are resistant to unholy torment.
You are immune to petrification.


   Skills:
 - Level 2.0 Fighting
 + Level 4.0 Ranged Weapons
 - Level 1.5 Dodging
 - Level 1.0 Spellcasting
 - Level 2.6 Hexes


You had 4 spell levels left.
You knew the following spells:

 Your Spells              Type           Power      Damage    Failure   Level
a - Slow                  Hex            28%        N/A       12%         1

Your spell library contained the following spells:

 Spells                   Type           Power      Damage    Failure   Level
 Inner Flame              Hex/Fire       4%         N/A       54%         3
 Portal Projectile        Hex/Tloc       8%         N/A       54%         3
 Cause Fear               Hex            3%         N/A       77%         4

Inventory:

Hand Weapons
 Y - a +1 heavy sling (weapon)
Armour
 b - a +0 leather armour (worn)
Scrolls
 c - a scroll of enchant armour {unknown}
 d - a scroll of teleportation
 h - a scroll of identify
Potions
 a - a potion of resistance {unknown}
 e - a potion of curing {unknown}
 g - a potion of lignification {unknown}
 i - a potion of haste {unknown}
 j - a potion of invisibility {unknown}

Dungeon Overview and Level Annotations

Branches:
Dungeon (4/15)
 Temple: D:4-7

Altars:


Message History

A quokka is nearby!
Enter note: You shoot a sling bullet.
The sling bullet hits the quokka!
You kill the quokka!
You hear a shout!
An ogre comes into view. It is wielding a +0 giant club.
You shoot a sling bullet. The sling bullet hits the ogre.
The ogre is lightly wounded.
A ball python comes into view.
You shoot a sling bullet. The ball python hisses angrily.
The sling bullet hits the ogre.
The ogre is moderately wounded.
The ogre barely misses you.
You shoot a sling bullet.
The sling bullet barely misses the ogre.
The ogre barely misses you.
You shoot a sling bullet. The sling bullet hits the ogre!
The ogre is heavily wounded.
The ogre hits you with a +0 giant club!!
Ouch! That really hurt!
The ball python completely misses you. The ball python grabs you.
The ball python constricts you. The ball python bites you.
The ball python constricts you. The ogre barely misses you.
1806 ||| READING 2 scrolls of teleportation.
As you read the scroll of teleportation, it crumbles to dust.
You feel strangely unstable. The ball python barely misses you.
The ball python constricts you.
You shoot a sling bullet.
The sling bullet barely misses the ball python.
The ball python barely misses you. The ball python constricts you.
The ogre hits you but does no damage. The ball python closely misses you.
The ball python constricts you.
You shoot a sling bullet.
The sling bullet barely misses the ball python.
The ball python bites you but does no damage.
The ball python constricts you. The ogre hits you but does no damage.
The ball python barely misses you. The ball python constricts you.
The ogre hits you with a +0 giant club!
You die...

..................
.......)..........
.###.......#......
# #..###......# ..
#..##.##....#
...##.............
.....##........##
.###..#........#
#.S@.##...###
#....O.## .###
......#.# .#
...##.#.. .. #. .
... . # .. .... ##
###.. #..


You could see an ogre and a ball python.

Vanquished Creatures
  2 adders
  4 dart slugs
  5 orcs (D:3)
  8 ball pythons
  A giant cockroach (D:3)
  7 hobgoblins
  2 quokkas (D:4)
  2 bats
  2 frilled lizards
  A goblin (D:2)
  A kobold (D:1)
  6 rats
41 creatures vanquished.

Notes
Turn   | Place    | Note
-------+----------+-------------------------------------------
     0 | D:1      | qw the Gargoyle Hexslinger began the quest for the Orb.
     0 | D:1      | Reached XP level 1. HP: 12/12 MP: 2/2
     0 | D:1      | 0 ||| qw: Version: 0.3-a-52-g30416fa
     0 | D:1      | 0 ||| qw: Game counter: 6034
     0 | D:1      | 0 ||| qw: Melee chars always use a shield: true
     0 | D:1      | 0 ||| qw: God list: Okawaru
     0 | D:1      | 0 ||| qw: Allow faded altars: false
     0 | D:1      | 0 ||| qw: Do Orc after clearing Dungeon:15 true
     0 | D:1      | 0 ||| qw: Do second Lair branch before Depths: true
     0 | D:1      | 0 ||| qw: Lair rune preference: random
     0 | D:1      | 0 ||| qw: Goals: Normal
     0 | D:1      | 0 ||| PLANNING D:1-11
    23 | D:1      | Found a faded altar of an unknown god.
    94 | D:1      | Reached XP level 2. HP: 16/16 MP: 3/3
   454 | D:1      | 454 ||| READING scroll labelled ZYOLOA OKHLITA.
   455 | D:1      | 455 ||| DROPPING scroll of poison.
   603 | D:2      | Reached skill level 3 in Ranged Weapons
   894 | D:2      | Reached XP level 3. HP: 21/21 MP: 4/4
  1075 | D:2      | 1075 ||| DROPPING +6 ring of intelligence.
  1076 | D:2      | 1076 ||| READING scroll labelled MISKEE IWANYF.
  1077 | D:2      | 1077 ||| READING 2 scrolls labelled ZOOWUK ITOLOONN.
  1080 | D:2      | 1080 ||| DRINKING 2 blue potions.
  1081 | D:2      | 1081 ||| DROPPING potion of degeneration.
  1247 | D:3      | Found the +6 shillelagh "Devastator" {shatter}
  1593 | D:3      | 1593 ||| UPGRADING to +0 leather armour.
  1603 | D:3      | 1603 ||| DROPPING +0 robe.
  1604 | D:3      | 1604 ||| READING scroll labelled RUJ REUPEA.
  1605 | D:3      | 1605 ||| READING 3 scrolls labelled LURGHE KIDIECA.
  1606 | D:3      | 1606 ||| READING 2 scrolls of brand weapon.
  1606 | D:3      | 1606 ||| BRANDING +1 sling of freezing.
  1607 | D:3      | 1607 ||| READING scroll of brand weapon.
  1607 | D:3      | 1607 ||| BRANDING +1 sling of draining.
  1742 | D:4      | Reached XP level 4. HP: 26/26 MP: 5/5
  1769 | D:4      | Reached skill level 4 in Ranged Weapons
  1801 | D:4      | Noticed an ogre
  1805 | D:4      | HP: 4/26 [ogre/+0 giant club (22)]
  1806 | D:4      | 1806 ||| READING 2 scrolls of teleportation.
  1808 | D:4      | Slain by an ogre

Levels and vault maps discovered:
D:1:      reono_arrival_mine, layout_basic,
          hellmonk_ecumenical_altar_arch_garden
D:2:      layout_basic
D:3:      layout_basic
D:4:      layout_cave_pools, nicolae_vehumet_altar_sigil,
          gammafunk_temple_overflow_pools, uniq_duvessa

Skill      XL: |  1  2  3  4 |
---------------+-------------+-----
Ranged Weapons | 3 4 |  4.0
Fighting       | 2 |  2.0
Dodging        | |  1.5
Spellcasting   | |  1.0
Hexes          | |  2.6

Action                     |  1- 3 |  4- 6 || total
---------------------------+-------+-------++-------
   Fire: Sling             |   107 |    18 ||   125
    Use: Scroll            |     7 |     1 ||     8
         Potion            |     1 |       ||     1
 Armour: Robe              |    13 |       ||    13
         Leather armour    |     6 |     3 ||     9
  Dodge: Dodged            |    38 |    12 ||    50

Table legend:
 A = Non-vault XP
 B = Vault XP
 C = Vault XP percentage of total XP
 D = Non-vault monster count
 E = Vault monster count
 F = Vault count percentage of total count
                 A         B        C        D         E       F
            +---------+---------+-------+---------+---------+-------
      Total |     101 |       0 |   0.0 |      41 |       0 |   0.0
            +---------+---------+-------+---------+---------+-------
        D:1 |      11 |       0 |   0.0 |       8 |       0 |   0.0
        D:2 |      28 |       0 |   0.0 |      14 |       0 |   0.0
        D:3 |      41 |       0 |   0.0 |      14 |       0 |   0.0
        D:4 |      21 |       0 |   0.0 |       5 |       0 |   0.0
            +---------+---------+-------+---------+---------+-------
